 Dungeon Crawl Stone Soup version 0.16.0-18-g484a79e (webtiles) character file.

113 inmateoo the Chiller (level 4, -10/27 HPs)
             Began as an Octopode Ice Elementalist on Mar 22, 2015.
             Killed by divine providence
             ... invoked by an orc priest
              (14 damage)
             ... on level 3 of the Dungeon.
             The game lasted 00:04:14 (3060 turns).

inmateoo the Chiller (Octopode Ice Elementalist)    Turns: 3060, Time: 00:04:15

Health: -10/27     AC:  1    Str:  7    XL:     4   Next: 96%
Magic:  2/8        EV: 12    Int: 18    God:
Gold:   111        SH:  0    Dex: 12    Spells: 3 memorised, 2 levels left

rFire  . . .     SeeInvis .     e - +0 mace (curse)
rCold  . . .     Clarity  .     (no shield)
rNeg   . . .     SustAb   .     (helmet restricted)
rPois  .         Gourm    .     (no amulet)
rElec  .         Spirit   .     (no ring)
rCorr  .         Warding  .     (no ring)
rMut   .         Stasis   .     (no ring)
MR     .....                    (no ring)
Stlth  +++.......               (no ring)
                                (no ring)
                                (no ring)
                                (no ring)

@: very slightly contaminated, not resistant to hostile enchantments, fairly
stealthy
A: almost no armour, amphibious, 8 rings, constrict 8, camouflage 1, gelatinous
body 1
a: no special abilities


You were on level 3 of the Dungeon.
You were very hungry.

You visited 1 branch of the dungeon, and saw 4 of its levels.

You collected 111 gold pieces.

Inventory:

Hand weapons
 e - a cursed +0 mace (weapon)
 f - a +2 dagger of speed
Potions
 a - a potion of curing {unknown}
 g - a potion of flight {unknown}
 i - a potion of mutation {unknown}
 j - a potion of magic
Books
 b - a book of Frost

   Spells                             Type                      Level
   a - Freeze                         Ice                          1
   b - Throw Frost                    Conjuration/Ice              2
   c - Ozocubu's Armour               Charms/Ice                   3
   d - Throw Icicle                   Conjuration/Ice              4
   e - Summon Ice Beast               Ice/Summoning                4
   f - Condensation Shield            Ice                          4
Comestibles
 c - a bread ration
 d - 2 fruits


   Skills:
 + Level 0.4 Fighting
 + Level 0.2 Maces & Flails
 + Level 2.3 Dodging
 + Level 3.2 Stealth
 + Level 0.2 Unarmed Combat
 + Level 2.8 Spellcasting
 + Level 1.0 Conjurations
 * Level 4.4 Ice Magic


You had 2 spell levels left.
You knew the following spells:

 Your Spells              Type           Power        Failure   Level  Hunger
a - Freeze                Ice            ###.         2%          1    None
b - Throw Frost           Conj/Ice       ##....       12%         2    ##.....
c - Ozocubu's Armour      Chrm/Ice       ##......     24%         3    ###....


Dungeon Overview and Level Annotations

Branches:
Dungeon (4/15)
 Temple: D:4-7

Altars:
Zin

Annotations:
D:3 Ijyb; Robin; herpmino's ghost, weakling OpSu
D:4 BLOAX's ghost, weakling MiGl


Innate Abilities, Weirdness & Mutations

You cannot wear most types of armour.
You are amphibious.
You can wear up to eight rings at the same time.
You can use your tentacles to constrict many enemies at once.
Your skin changes colour to match your surroundings (Stealth).
Your rubbery body absorbs attacks (AC +1).


Message History

Casting: Freeze
Confirm with . or Enter, or press ? or * to list all spells.
Aiming: Freeze
Press: ? - help, Shift-Dir - straight line, f/p - orc priest
Aim: an orc priest, wielding a mace and wearing a chain mail (almost dead)
You freeze the orc priest.
The orc priest is almost dead.
Casting: Freeze
Confirm with . or Enter, or press ? or * to list all spells.
Aiming: Freeze
Press: ? - help, Shift-Dir - straight line, f/p - orc priest
Aim: an orc priest, wielding a mace and wearing a chain mail (almost dead)
You miscast Freeze.
You are very lightly contaminated with residual magic.
Wisps of condensation drift from your tentacles.
You are feeling very hungry.
The orc priest calls down the wrath of Beogh upon you.
Something smites you!
Ouch! That really hurt!
You die...

< ..... ...$... ..#..
....... .....#.###
........ ......#.#..
........ ......#.#.#
#.......
ggg.)#.#.#####...#
#..g..#..@oog...# #.
#.......#####...# #.
#......######...#
#.###...(........(.#
####.....##'#.#######>#
..........##.#.##..g..g#
##........##.#r....g..o#
..........#....g#..o####
#.........#..##[#..g#


You could see an orc priest, an orc and a goblin.

Vanquished Creatures
  6 adders
  A giant mite (D:1)
  A worm (D:2)
  A giant gecko (D:2)
  An orc (D:3)
  9 bats
  2 giant cockroaches (D:2)
  10 goblins
  2 hobgoblins
  A quokka (D:2)
  2 giant newts (D:1)
  3 jackals (D:1)
  7 kobolds
  5 rats
51 creatures vanquished.

Notes
Turn   | Place    | Note
--------------------------------------------------------------
     0 | D:1      | inmateoo, the Octopode Ice Elementalist, began the quest for the Orb.
     0 | D:1      | Reached XP level 1. HP: 11/11 MP: 3/3
   337 | D:1      | Reached XP level 2. HP: 9/17 MP: 1/4
  1148 | D:1      | Reached XP level 3. HP: 14/21 MP: 3/6
  1544 | D:2      | Reached skill level 4 in Ice Magic
  1634 | D:2      | Learned a level 2 spell: Throw Frost
  1638 | D:2      | Learned a level 3 spell: Ozocubu's Armour
  1855 | D:2      | Reached XP level 4. HP: 22/27 MP: 5/8
  2472 | D:2      | Found a glowing silver altar of Zin.
  2764 | D:3      | Noticed herpmino's ghost (weakling OpSu)
  2772 | D:3      | Noticed Ijyb
  2773 | D:3      | Noticed Robin
  3038 | D:4      | Noticed BLOAX's ghost (weakling MiGl)
  3060 | D:3      | Killed from afar by an orc priest

Action                   |  1- 3 |  4- 6 || total
-------------------------+-------+-------++-------
Melee: Unarmed           |    11 |       ||    11
       Mace              |    18 |     7 ||    25
 Cast: Freeze            |    38 |    40 ||    78
       Throw Frost       |       |     1 ||     1
  Use: Scroll            |     4 |     4 ||     8
       Potion            |       |     2 ||     2
 Stab: Sleeping          |     2 |       ||     2
  Eat: Chunk             |     3 |     3 ||     6
